 Dungeon Crawl Stone Soup version 0.23-a0-644-gb60d84b (webtiles) character file.

633 Borgoz the Chopper (level 7, 0/61 HPs)
             Began as a Ghoul Abyssal Knight on Jan 1, 2019.
             Was a Believer of Lugonu.
             Slain by a hound (3 damage)
             ... on level 4 of the Dungeon.
             The game lasted 00:06:46 (2915 turns).

Borgoz the Chopper (Ghoul Abyssal Knight)           Turns: 2915, Time: 00:06:47

Health: 0/61       AC:  3    Str: 16    XL:     7   Next: 49%
Magic:  7/7        EV: 12    Int:  7    God:    Lugonu [**....]
Gold:   233        SH:  0    Dex: 10    Spells: 6/6 levels left

rFire    . . .     SeeInvis .   a - +1 hand axe
rCold    + . .     Gourm    .   (no shield)
rNeg     + + +     Faith    .   b - +0 leather armour
rPois    ∞         Spirit   .   (no helmet)
rElec    .         Reflect  .   (no cloak)
rCorr    .         Harm     .   (no gloves)
MR       .....                  (no boots)
Stlth    +.........             (no amulet)
HPRegen  0.00/turn              (no ring)
MPRegen  0.10/turn              (no ring)

@: rotting, invisible
A: rotting body, claws 1, carnivore, cold resistance 1, negative energy
resistance 3, inhibited regeneration, torment resistance, unbreathing
a: Depart the Abyss, Bend Space, Renounce Religion


You were on level 4 of the Dungeon.
You worshipped Lugonu.
Lugonu was pleased with you.
You were not hungry.

You visited 1 branch of the dungeon, and saw 4 of its levels.
You visited the Abyss 1 time.

You collected 233 gold pieces.

Inventory:

Hand Weapons
 a - a +1 hand axe (weapon)
Missiles
 n - 4 tomahawks (quivered)
Armour
 b - a +0 leather armour (worn)
Wands
 d - a wand of flame (15)
Scrolls
 g - a scroll of random uselessness {unknown}
 m - a scroll of remove curse
 o - a scroll of enchant armour {unknown}
 p - a scroll of enchant weapon {unknown}
 q - a scroll of noise {unknown}
Potions
 e - 2 potions of agility
 h - 3 potions of flight
 l - a potion of invisibility
Comestibles
 c - 5 rations


   Skills:
 + Level 5.3 Fighting
 + Level 5.4 Axes
 + Level 3.0 Armour
 + Level 2.3 Dodging
 - Level 2.0 Invocations


You had 6 spell levels left.
You didn't know any spells.
Your spell library contained the following spells:

 Spells                   Type           Power        Failure   Level  Hunger
 Sticks to Snakes         Tmut           #.......     63%         2    ###....
 Beastly Appendage        Tmut           Unusable     N/A         1    N/A
 Spider Form              Tmut/Pois      Unusable     N/A         3    N/A
 Ice Form                 Ice/Tmut       Unusable     N/A         4    N/A
 Blade Hands              Tmut           Unusable     N/A         5    N/A

Dungeon Overview and Level Annotations

Branches:
Dungeon (4/15)
 Temple: D:4-7

Altars:
Dithmenos
Nemelex Xobeh
Vehumet
Wu Jian

Annotations:
D:3 1 runed door, tilp's ghost, amateur MfIE


Innate Abilities, Weirdness & Mutations

Your body is rotting away.
You thrive on raw meat.
You are immune to poison.
You have sharp fingernails.
You are carnivorous and can eat meat at any time.
Your flesh is cold resistant. (rC+)
You are immune to negative energy. (rN+++)
You do not regenerate when monsters are visible.
You are immune to unholy pain and torment.
You can survive without breathing.


Message History

* * * LOW HITPOINT WARNING * * *
You barely miss the hound.
The hound is heavily wounded.
The hound barely misses you.
You closely miss the hound.
The hound is heavily wounded.
The hound misses you. The hound bites you.
* * * LOW HITPOINT WARNING * * *
You hit the hound.
The hound is severely wounded.
The hound bites you.
* * * LOW HITPOINT WARNING * * *
The hound barely misses you.
You hit the hound.
The hound is almost dead.
The hound bites you.
* * * LOW HITPOINT WARNING * * *
You fade into invisibility!
The hound bites you.
You die...

. #....<#....>............#..
<.#.............#..........#
...........................###
#..##......#..................#
...........#...................
.............#...#...........#
.........##.##.............[#
.....#.....####.......#...###
.....##....##@h.##...##..##
.......#....#........##.##
.).##....#..#........#...# ...
#....#....#......#..##
.......#.#..#..........##
.###.....#.##....#.#....#
#...........###.#...##
#............#......#
#............##...#[#


You could see a hound.

Vanquished Creatures
  Grinder (D:3)
  Sigmund (D:2)
  A scorpion (D:4)
  An orc wizard (D:3)
  A bullfrog skeleton (D:4)
  A worker ant (D:3)
  5 adders
  2 worms (D:2)
  2 dart slugs
  5 leopard geckos
  3 orcs (D:3)
  6 giant cockroaches
  6 goblins
  9 hobgoblins
  4 jackals (D:4)
  8 kobolds
  2 quokkas
  4 bats
  6 frilled lizards
  5 rats
73 creatures vanquished.

Notes
Turn   | Place    | Note
-------+----------+-------------------------------------------
     0 | Abyss:1  | Borgoz the Ghoul Abyssal Knight began the quest for the
                  | Orb.
     0 | Abyss:1  | Reached XP level 1. HP: 19/19 MP: 1/1
    32 | Abyss:1  | Found a corrupted altar of Lugonu.
   102 | Abyss:1  | Noticed a quasit
   103 | D:1      | Escaped the Abyss
   286 | D:1      | Reached XP level 2. HP: 25/26 MP: 2/2
   334 | D:1      | Reached * piety under Lugonu
   931 | D:2      | Found a sparkling altar of Nemelex Xobeh.
   943 | D:2      | Reached skill level 1 in Dodging
   943 | D:2      | Reached XP level 3. HP: 27/33 MP: 3/3
  1106 | D:2      | Reached XP level 4. HP: 27/40 MP: 4/4
  1619 | D:3      | Noticed Sigmund
  1646 | D:2      | Killed Sigmund
  1646 | D:2      | Reached XP level 5. HP: 29/47 MP: 5/5
  1646 | D:2      | Reached XP level 6. HP: 33/53 MP: 6/6
  1819 | D:3      | Found an ornate altar of the Wu Jian Council.
  1840 | D:3      | Reached ** piety under Lugonu
  1932 | D:3      | Found a shadowy altar of Dithmenos.
  2002 | D:3      | Found a runed door.
  2005 | D:3      | Noticed tilp's ghost (amateur MfIE)
  2043 | D:3      | Noticed Grinder
  2075 | D:3      | Paralysed by Grinder for 2 turns
  2090 | D:3      | Killed Grinder
  2090 | D:3      | Reached skill level 5 in Fighting
  2090 | D:3      | Reached skill level 5 in Axes
  2090 | D:3      | Reached XP level 7. HP: 33/61 MP: 7/7
  2806 | D:4      | Found a radiant altar of Vehumet.
  2914 | D:4      | HP: 3/61 [hound (3)]
  2915 | D:4      | Slain by a hound

Vault maps used:
D:1:      shiori_shiawase
D:2:      nemelex_xobeh_ov_fountains_minmay
D:3:      grunt_dithmenos_smoke, nicolae_overflow_crystal_walls,
          ebering_ghost_sewer_d, uniq_sigmund, uniq_grinder
D:4:      lemuel_crystal_altar, first_ration, minivault_5

Skill      XL: |  1  2  3  4  5  6  7 |
---------------+----------------------+-----
Axes           | 2 4 5 |  5.4
Armour         | 2 3 |  3.0
Fighting       | 4 5 |  5.3
Dodging        | 1 2 |  2.3
Invocations    | |  2.0

Action                   |  1- 3 |  4- 6 |  7- 9 || total
-------------------------+-------+-------+-------++-------
Melee: Hand axe          |    89 |   109 |    99 ||   297
Invok: Depart the Abyss  |     1 |       |       ||     1
  Use: Potion            |       |     5 |     3 ||     8
       Scroll            |       |     5 |     2 ||     7
  Eat: Chunk             |     9 |    15 |     5 ||    29
Armor: Leather armour    |    15 |    20 |    26 ||    61
Dodge: Dodged            |    48 |    52 |    59 ||   159

Table legend:
 A = Non-vault XP
 B = Vault XP
 C = Vault XP percentage of total XP
 D = Non-vault monster count
 E = Vault monster count
 F = Vault count percentage of total count
                 A         B        C        D         E       F
            +---------+---------+-------+---------+---------+-------
      Total |     374 |     531 |  58.7 |      71 |       2 |   2.7
            +---------+---------+-------+---------+---------+-------
        D:1 |      29 |       0 |   0.0 |      17 |       0 |   0.0
        D:2 |      92 |     231 |  71.5 |      21 |       1 |   4.5
        D:3 |     132 |     300 |  69.4 |      25 |       1 |   3.8
        D:4 |     121 |       0 |   0.0 |       8 |       0 |   0.0
            +---------+---------+-------+---------+---------+-------
